 Dungeon Crawl Stone Soup version 0.22-a0-32-ga749362 (webtiles) character file.

60 libidonplus the Bolt Thrower (level 4, 28/28 HPs)
             Began as a Kobold Hunter on Dec 11, 2017.
             Quit the game on level 2 of the Dungeon on Jan 3, 2018.
             The game lasted 00:15:57 (1660 turns).

libidonplus the Bolt Thrower (Kobold Hunter)        Turns: 1660, Time: 00:15:58

Health: 28/28      AC:  4    Str: 10    XL:     4   Next: 24%
Magic:  4/4        EV: 14    Int: 12    God:
Gold:   61         SH:  0    Dex: 15    Spells: 3/3 levels left

rFire    . . .     SeeInvis .   b - +0 short sword
rCold    . . .     Gourm    .   (shield restricted)
rNeg     . . .     Faith    .   c - +0 leather armour
rPois    .         Spirit   .   k - +0 helmet
rElec    .         Reflect  .   (no cloak)
rCorr    .         Harm     .   (no gloves)
MR       .....                  (no boots)
Stlth    ++........             (no amulet)
HPRegen  0.09/turn              (no ring)
MPRegen  0.09/turn              (no ring)

@: no status effects
A: small, carnivore
a: no special abilities


You were on level 2 of the Dungeon.
You were full.

You visited 1 branch of the dungeon, and saw 2 of its levels.

You collected 61 gold pieces.

Inventory:

Hand Weapons
 a - a +1 hand crossbow
 b - a +0 short sword (weapon)
 o - a +0 hunting sling
Missiles
 d - 15 bolts
 i - 78 stones (quivered)
 p - 25 sling bullets
Armour
 c - a +0 leather armour (worn)
 k - a +0 helmet (worn)
Jewellery
 e - a +3 amulet of reflection {unknown}
Wands
 l - a wand of acid (5)
Scrolls
 g - a scroll of remove curse {unknown}
 m - 2 scrolls of amnesia {unknown}
 n - a scroll of teleportation {unknown}
Potions
 j - a potion of degeneration {unknown}
Comestibles
 f - 2 rations
 h - a ration
 q - 2 chunks of flesh


   Skills:
 * Level 3.3 Fighting
 * Level 1.3 Short Blades
 + Level 5.5 Crossbows
 - Level 2.4 Dodging
 - Level 2.2 Stealth


You had 3 spell levels left.
You didn't know any spells.

Dungeon Overview and Level Annotations

Branches:
Dungeon (2/15)

Altars:


Innate Abilities, Weirdness & Mutations

You are small and have problems with some larger weapons.
You are carnivorous and can eat meat at any time.


Message History

You see here an adder corpse.
There isn't anything here!
Welcome back, libidonplus the Kobold Hunter.
Press ? for a list of commands and other information.
Welcome back, libidonplus the Kobold Hunter.
Press ? for a list of commands and other information.
Unknown command.
Unknown command.
Saving game... please wait.
Welcome back, libidonplus the Kobold Hunter.
Press ? for a list of commands and other information.
i - 77 stones (gained 1)
d - 15 bolts (gained 3);
i - 78 stones (gained 1)
b - a +0 short sword (weapon)
There is an open door, spattered with blood here.
You see here an adder corpse.
You butcher the adder corpse.
q - 2 chunks of flesh
There is an open door, spattered with blood here.
Are you sure you want to abandon this character and quit the game? (Confirm with "yes".)

#.#........#
##.########'## ###...#
##...## #...#.#
##.....## #.#...#
##.......##
#....####.........###
#.......'.........+..
####....####.........###
.......@# ##.......##
.##..##.# ##.....## #.#
#.# ##...## ... ..#
##+## ... ..# # #.## #.
..


There were no monsters in sight!

Vanquished Creatures
  2 adders (D:2)
  A worm (D:2)
  A dart slug (D:2)
  2 giant cockroaches (D:1)
  8 goblins
  5 hobgoblins
  4 kobolds
  2 quokkas (D:2)
  4 bats (D:1)
  2 frilled lizards
  A rat (D:1)
32 creatures vanquished.

Notes
Turn   | Place    | Note
-------+----------+-------------------------------------------
     0 | D:1      | libidonplus the Kobold Hunter began the quest for the Orb.
     0 | D:1      | Reached XP level 1. HP: 12/12 MP: 1/1
   105 | D:1      | Reached skill level 5 in Crossbows
   105 | D:1      | Reached XP level 2. HP: 18/18 MP: 2/2
   423 | D:1      | Reached XP level 3. HP: 21/22 MP: 3/3
  1054 | D:2      | Reached XP level 4. HP: 18/28 MP: 4/4
  1213 | D:2      | Reached skill level 1 in Short Blades
  1640 | D:2      | Upgraded the game from 0.21-a0-529-g8c7b3f5 to 0.21-a0-531-gacddea6
  1640 | D:2      | Upgraded the game from 0.21-a0-531-gacddea6 to 0.21-a0-538-gd16b88a
  1640 | D:2      | Upgraded the game from 0.21-a0-538-gd16b88a to 0.22-a0-32-ga749362
  1660 | D:2      | Quit the game

Vault maps used:
D:1:      ncdulo_watergridlock
D:2:      minmay_cupped

Skill      XL: |  1  2  3  4 |
---------------+-------------+-----
Crossbows      | 5 |  5.5
Stealth        | 2 |  2.2
Fighting       | 3 |  3.3
Short Blades   | 1 |  1.3
Dodging        | |  2.4

Action                   |  1- 3 |  4- 6 || total
-------------------------+-------+-------++-------
Melee: Short sword       |    88 |    24 ||   112
 Fire: Hand crossbow     |    23 |     4 ||    27
Throw: Stone             |    18 |     2 ||    20
 Stab: Sleeping          |     3 |     1 ||     4
  Eat: Chunk             |     5 |     3 ||     8
Armor: Leather armour    |    22 |     3 ||    25
Dodge: Dodged            |    76 |    20 ||    96

Table legend:
 A = Spawn XP
 B = Non-spawn XP
 C = Spawn XP percentage of total XP
 D = Spawn monster count
 E = Non-spawn monster count
 F = Spawn count percentage of total count
 G = Total turns spent on level
                    A         B        C        D         E        F      G
               +---------+---------+-------+---------+---------+-------+---------
         Total |       0 |      86 |   0.0 |       0 |      32 |   0.0 |  1660
               +---------+---------+-------+---------+---------+-------+---------
           D:1 |       0 |      34 |   0.0 |       0 |      19 |   0.0 |   643
           D:2 |       0 |      52 |   0.0 |       0 |      13 |   0.0 |  1017
               +---------+---------+-------+---------+---------+-------+---------
